 Dungeon Crawl Stone Soup version 0.21-a0-642-g5d013b2151 (webtiles) character file.

7 Manul the Ducker (level 1, -1/11 HPs)
             Began as a Spriggan Abyssal Knight on Dec 31, 2017.
             Was an Initiate of Lugonu.
             Slain by a hobgoblin (3 damage)
             ... on level 1 of the Dungeon.
             The game lasted 00:02:51 (1597 turns).

Manul the Ducker (Spriggan Abyssal Knight)          Turns: 1597, Time: 00:02:51

Health: -1/11      AC:  2    Str:  8    XL:     1   Next: 83%
Magic:  3/3        EV: 19    Int: 13    God:    Lugonu [......]
Gold:   29         SH:  0    Dex: 15    Spells: 0/0 levels left

rFire    . . .     SeeInvis +   i - -2 hand axe (curse)
rCold    . . .     Gourm    .   (shield restricted)
rNeg     . . .     Faith    .   b - +0 robe
rPois    .         Spirit   .   (helmet restricted)
rElec    .         Reflect  .   (no cloak)
rCorr    .         Harm     .   (gloves unavailable)
MR       .....                  (boots unavailable)
Stlth    +.........             e - amulet of inaccuracy (curse)
HPRegen  0.03/turn              f - ring of flight
MPRegen  0.08/turn              (no ring)

@: very quick
A: very small, unfitting armour, see invisible, herbivore, speed 3, slow
metabolism 2
a: Renounce Religion, Evoke Flight


You were on level 1 of the Dungeon.
You worshipped Lugonu.
Lugonu was noncommittal.
You were not hungry.

You visited 1 branch of the dungeon, and saw 1 of its levels.
You visited the Abyss 1 time.

You collected 29 gold pieces.

Inventory:

Hand Weapons
 a - a +1 short sword
 i - a cursed -2 hand axe (weapon)
Armour
 b - a +0 robe (worn)
Jewellery
 d - an uncursed amulet of regeneration
 e - a cursed amulet of inaccuracy (around neck)
 f - a ring of flight (left hand)
Scrolls
 j - a scroll of blinking
Potions
 g - a potion of haste {unknown}
 h - 2 potions of agility {unknown}
Comestibles
 c - 3 rations


   Skills:
 + Level 2.6 Fighting
 + Level 2.2 Short Blades
 + Level 3.9 Dodging
 + Level 1.8 Invocations


You couldn't memorise any spells.
You didn't know any spells.

Dungeon Overview and Level Annotations

Branches:
Dungeon (1/15)

Altars:


Innate Abilities, Weirdness & Mutations

You are very small and have problems with some larger weapons.
You are too small for most types of armour.
You have supernaturally acute eyesight. (SInv)
You are a herbivore.
You cover ground extremely quickly.
You need consume almost no food.


Message History

You miss the kobold. The kobold misses you.
You miss the kobold. The kobold barely misses you. The hobgoblin hits you.
You are too injured to fight recklessly!
You are too injured to fight recklessly!
You are too injured to fight recklessly!
You are too injured to fight recklessly!
You are too injured to fight recklessly!
You are too injured to fight recklessly!
You are too injured to fight recklessly!
You are too injured to fight recklessly!
You are too injured to fight recklessly!
You are too injured to fight recklessly!
You are too injured to fight recklessly!
You are too injured to fight recklessly!
You barely miss the kobold. You miss the hobgoblin. The kobold hits you.
* * * LOW HITPOINT WARNING * * *
The hobgoblin misses you. The kobold completely misses you.
You barely miss the kobold. You hit the hobgoblin but do no damage.
The hobgoblin hits you.
You die...

....... #....
....... #####
....... # #####
........ #
#...##........ #
#.......# #..### #
#....## #...#
#..g..## ###.###
#..@#..########...##
#..K##...##.....#..#
#...####..#.....##..
##### ##.#.........
#...........
###.........
#.....###. #.....#
#. #.....# ##


You could see a hobgoblin and a kobold.

Vanquished Creatures
  A goblin (D:1)
  3 hobgoblins (D:1)
  2 rats (D:1)
6 creatures vanquished.

Notes
Turn   | Place    | Note
-------+----------+-------------------------------------------
     0 | Abyss:1  | Manul the Spriggan Abyssal Knight began the quest for the Orb.
     0 | Abyss:1  | Reached XP level 1. HP: 11/11 MP: 3/3
    89 | Abyss:1  | Noticed a wolf spider simulacrum
    91 | Abyss:1  | Noticed a small abomination
    92 | Abyss:1  | Noticed a spriggan
   151 | Abyss:1  | Noticed a large abomination
   204 | Abyss:1  | Noticed an efreet
   206 | Abyss:1  | Noticed an eye of draining
   228 | Abyss:1  | Noticed a green death
   262 | Abyss:1  | Noticed a rust devil
   268 | Abyss:1  | Noticed a large abomination
   314 | Abyss:1  | Noticed a small abomination
   432 | Abyss:1  | Noticed a worldbinder
   433 | Abyss:1  | Noticed a vampire mosquito
   445 | Abyss:1  | Noticed a swamp drake
   453 | Abyss:1  | Noticed a thrashing horror
   456 | Abyss:1  | Noticed a vampire mosquito
   457 | D:1      | Escaped the Abyss
  1597 | D:1      | Slain by a hobgoblin

Vault maps used:
D:1:      lemuel_arrival_behind_the_door_large, hex_intersection,
          minmay_misc_feat_doors

Action                   || total
-------------------------++-------
Melee: Hand axe          ||    23
       Short sword       ||     7
Invok: Depart the Abyss  ||     1
  Use: Scroll            ||     2
Dodge: Dodged            ||    25

Table legend:
 A = Spawn XP
 B = Non-spawn XP
 C = Spawn XP percentage of total XP
 D = Spawn monster count
 E = Non-spawn monster count
 F = Spawn count percentage of total count
 G = Total turns spent on level
                    A         B        C        D         E        F      G
               +---------+---------+-------+---------+---------+-------+---------
         Total |       0 |      10 |   0.0 |       0 |       6 |   0.0 |  1597
               +---------+---------+-------+---------+---------+-------+---------
           D:1 |       0 |      10 |   0.0 |       0 |       6 |   0.0 |  1140
               +---------+---------+-------+---------+---------+-------+---------
